Diablos vs Rafales (R2)

Created - December 10, 2019 at 19:45

Goals
1 2 3 T
Diablos 0 0 4 4
Rafales 0 1 0 1
Shots
1 2 3 T
Diablos 3 10 22 35
Rafales 12 7 6 25

1st period

No Goal

Penalties :
Brian Dumoulin (Don) for Hooking (Minor) at 5:20, Jakub Vrana (Don) for Hooking (Minor) at 13:04, Carl Klingberg (Stf) for Holding (Minor) at 13:27, Andrew Shaw (Stf) for Hooking (Minor) at 18:27

2nd period

1. Rafales , Carl Klingberg 15 (Andrew Shaw 27) at 13:08

Penalties :
Adrian Kempe (Don) for Tripping (Minor) at 4:48, Dylan McIlrath (Stf) for Hooking (Minor) at 9:47, Ben Thomson (Stf) for Hooking (Minor) at 11:49, Danton Heinen (Don) for Hooking (Minor) at 13:05, Jakub Vrana (Don) for High sticking (Minor) at 15:27

3rd period

2. Diablos , David Pastrnak 9 (Viktor Loov 5, Brian Dumoulin 9) at 0:42
3. Diablos , Tyler Pitlick 7 (Brian Dumoulin 10) at 5:22
4. Diablos , David Pastrnak 10 (Nick Spaling 11, Danton Heinen 13) at 8:39 (PP)
5. Diablos , Danton Heinen 3 (Philip Larsen 8, David Pastrnak 15) at 10:17 (PP)

Penalties :
Viktor Loov (Don) for Holding Stick (Minor) at 2:57, Andrew Shaw (Stf) for Roughing (Minor) at 3:20, Cedric Paquette (Stf) for Hooking (Minor) at 8:30, Dylan McIlrath (Stf) for Diving (Minor) at 10:01

Goalie Stats

Kristers Gudlevskis (Don), 24 saves from 25 shots - (0.960), W, 8-7-0, 60:00 minutes
Leland Irving (Stf), 31 saves from 35 shots - (0.886), L, 4-5-0, 60:00 minutes

Players Stats for Diablos

Player Name              G  A  P  +/- PIM S  H  SB GA TA FO     MP     PP MP  PK MP  
------------------------------------------------------------------------------------
Adrian Kempe             0  0  0   0  2   1  0  1  0  1  8/11   14:17   0:23   3:17 
Alex Petrovic            0  0  0  -1  0   1  2  1  0  2  0/0    15:35   0:00   2:41 
Andrei Mironov           0  0  0   0  0   1  0  0  0  1  0/0    15:35   4:02   0:26 
Brian Dumoulin           0  2  2   2  2   4  1  0  0  0  0/0    17:21   2:23   0:00 
Cameron Gaunce           0  0  0  -1  0   1  2  4  0  2  0/0    25:39   0:00   5:24 
Corey Trivino            0  0  0   0  0   1  0  0  0  0  0/1     8:15   0:00   1:27 
Danton Heinen            1  1  2   1  2   1  2  0  1  0  10/23  15:29   3:44   0:11 
David Pastrnak           2  1  3   0  0   7  1  0  1  0  0/0    16:45   3:35   0:00 
Jakub Vrana              0  0  0   2  4   3  1  0  0  0  0/0    13:59   2:40   0:00 
Jiri Sekac               0  0  0   0  0   0  1  0  1  0  0/0    10:23   0:10   0:56 
Jordan Szwarz            0  0  0   0  0   1  0  0  0  1  1/4    13:08   0:00   0:00 
Lars Eller               0  0  0  -1  0   3  3  2  0  2  11/24  22:20   2:16   3:04 
Nick Spaling             0  1  1   1  0   4  0  1  2  0  0/1    21:42   3:59   1:56 
Philip Larsen            0  1  1   0  0   4  3  1  0  1  0/0    27:59   4:02   5:18 
Scott Glennie            0  0  0   0  0   0  0  0  0  0  0/0     6:48   0:00   0:00 
Sergey Tolchinsky        0  0  0   0  0   0  1  0  0  0  0/0     8:01   0:00   0:59 
Tyler Pitlick            1  0  1   1  0   2  0  0  0  0  0/0    15:49   2:17   4:08 
Viktor Loov              0  1  1   2  2   1  5  1  0  0  0/0    18:55   2:33   2:09 

Players Stats for Rafales

Player Name              G  A  P  +/- PIM S  H  SB GA TA FO     MP     PP MP  PK MP  
------------------------------------------------------------------------------------
Akim Aliu                0  0  0   0  0   0  0  0  0  0  3/3     2:04   0:24   0:07 
Andrew Shaw              0  1  1   0  4   2  4  2  0  0  0/1    21:28   4:43   2:15 
Ben Johnson              0  0  0   0  0   0  0  0  0  0  0/0     0:00   0:00   0:00 
Ben Sexton               0  0  0   0  0   0  0  0  0  0  0/0     2:38   0:15   1:07 
Ben Thomson              0  0  0   0  2   2  0  0  1  0  0/0     7:39   0:06   1:04 
Brad Ross                0  0  0   0  0   0  0  0  0  0  0/0     3:54   0:00   2:03 
Brian Ferlin             0  0  0  -2  0   4  0  2  2  0  1/1    17:00   3:10   1:24 
Carl Klingberg           1  0  1   1  2   3  1  0  2  1  6/13   22:18   4:32   3:20 
Cedric Paquette          0  0  0  -1  2   1  2  0  1  0  7/11   15:18   3:01   0:03 
Chris Terry              0  0  0  -1  0   0  1  1  1  0  1/2    14:46   3:04   0:00 
Connor Murphy            0  0  0   0  0   1  1  2  1  1  0/0    31:43   4:59   4:14 
David Broll              0  0  0   0  0   0  0  0  0  0  0/0     0:00   0:00   0:00 
Dylan McIlrath           0  0  0  -1  4   0  1  0  0  0  0/0    23:54   2:45   1:24 
James Marcou             0  0  0   0  0   0  0  0  0  0  0/0     6:10   0:00   0:00 
Jayson Megna             0  0  0   0  0   0  2  0  0  0  3/6    10:48   0:00   0:00 
Joey Laleggia            0  0  0  -1  0   1  1  0  0  2  0/0    22:19   2:45   2:11 
Julian Melchiori         0  0  0   0  0   1  1  4  0  0  0/0    30:15   4:59   4:14 
Kevin Veilleux           0  0  0   0  0   2  2  0  0  0  10/24  17:01   4:40   0:00 
Maksim Mayorov           0  0  0   0  0   2  1  0  0  0  0/0    10:48   0:00   0:00 
Ryan Bourque             0  0  0   0  0   3  0  0  0  0  3/3     6:10   0:00   0:00 
Slater Koekkoek          0  0  0   0  0   1  0  1  0  0  0/0     9:34   0:15   0:47 
Tim Crowder              0  0  0  -1  0   2  1  1  2  1  0/0    12:29   0:06   1:24 
Tyrell Goulbourne        0  0  0   0  0   0  0  0  0  0  0/0     1:17   0:09   0:03 

3 Stars

1 - David Pastrnak (Don)
2 - Danton Heinen (Don)
3 - Kristers Gudlevskis (Don)

Power Play

Diablos - 2 on 7 Attempt(s) - 28.57%
Rafales - 0 on 6 Attempt(s) - 0.00%

Penalty Kill

Diablos - 6 on 6 Attempt(s) - 100.00% - Score 0 goal in Penalty Kill
Rafales - 5 on 7 Attempt(s) - 71.43% - Score 0 goal in Penalty Kill

Team Stat

Diablos - Hits : 22 - Faceoff Wins : 30 - Blocked Shots : 11 - Penalty Minutes : 12
Rafales - Hits : 18 - Faceoff Wins : 34 - Blocked Shots : 13 - Penalty Minutes : 14

Official

Referees : Unknown
Linesman : Unknown

Game Notes

10:17 of 3rd period - Diablos goal is going for a video replay. After video review, Goal.

Finance

Level 1 -- Attendance: 1425 (71.25%) -- Ticket Income $57,000
Level 2 -- Attendance: 702 (70.20%) -- Ticket Income $14,040
Total Attendance: 2127 (70.90%)
Total Ticket Income: $71,040
Other Income: $3,552
Total Income: $74,592

Diablos

5 vs 5 Forward 
   Center                   Left Wing                Right Wing               Time % Phy DF OF 
 1 Lars Eller               Nick Spaling             Jordan Szwarz            40     0   2  3  
 2 Danton Heinen            Jakub Vrana              David Pastrnak           30     0   2  3  
 3 Adrian Kempe             Jiri Sekac               Tyler Pitlick            20     0   2  3  
 4 Corey Trivino            Sergey Tolchinsky        Scott Glennie            10     1   3  1  

5 vs 5 Defense 
   Defense                  Defense                                           Time % Phy DF OF 
 1 Cameron Gaunce           Philip Larsen                                     40     1   2  2  
 2 Brian Dumoulin           Viktor Loov                                       30     1   2  2  
 3 Alex Petrovic            Andrei Mironov                                    20     1   2  2  
 4 Cameron Gaunce           Philip Larsen                                     10     1   2  2  

PowerPlay Forward 
   Center                   Left Wing                Right Wing               Time % Phy DF OF 
 1 Danton Heinen            Nick Spaling             David Pastrnak           60     0   1  4  
 2 Lars Eller               Jakub Vrana              Tyler Pitlick            40     0   1  4  

PowerPlay Defense
   Defense                  Defense                                           Time % Phy DF OF 
 1 Andrei Mironov           Philip Larsen                                     60     0   1  4  
 2 Brian Dumoulin           Viktor Loov                                       40     0   1  4  

Penalty Kill 4 Players Forward 
   Center                   Wing                     Time % Phy DF OF 
 1 Adrian Kempe             Tyler Pitlick            60     1   4  0  
 2 Lars Eller               Nick Spaling             40     1   4  0  

Penalty Kill 4 Players Defense
   Defense                  Defense                  Time % Phy DF OF 
 1 Philip Larsen            Cameron Gaunce           60     1   4  0  
 2 Alex Petrovic            Viktor Loov              40     1   4  0  

Penalty Kill - 3 Players Forward 
   Forward                                           Time % Phy DF OF 
 1 Adrian Kempe                                      60     0   5  0  
 2 Lars Eller                                        40     0   5  0  

Penalty Kill - 3 Players Defense
   Defense                  Defense                  Time % Phy DF OF 
 1 Alex Petrovic            Brian Dumoulin           60     0   5  0  
 2 Cameron Gaunce           Philip Larsen            40     0   5  0  

4 vs 4 Forward 
   Center                   Wing                     Time % Phy DF OF 
 1 Lars Eller               David Pastrnak           60     0   2  3  
 2 Adrian Kempe             Nick Spaling             40     0   2  3  

4 vs 4 Defense
   Defense                  Defense                  Time % Phy DF OF 
 1 Cameron Gaunce           Alex Petrovic            60     0   2  3  
 2 Andrei Mironov           Philip Larsen            40     0   2  3  

Last Minutes Offensive
   Center                   Left Wing                Right Wing               Defense                  Defense                  
   Danton Heinen            Jakub Vrana              David Pastrnak           Andrei Mironov           Philip Larsen            

Last Minutes Defensive
   Center                   Left Wing                Right Wing               Defense                  Defense                  
   Lars Eller               Sergey Tolchinsky        Tyler Pitlick            Cameron Gaunce           Alex Petrovic            

Goaltenders
Starting : Kristers Gudlevskis      
Backup : Joni Ortio               

Extra Forwards
Normal : David Pastrnak, Danton Heinen, Nick Spaling - PP : David Pastrnak, Nick Spaling - PK : Tyler Pitlick
Extra Defensemen
Normal : Cameron Gaunce, Andrei Mironov, Philip Larsen - PP : Cameron Gaunce - PK : Cameron Gaunce, Alex Petrovic
Penalty Shots
David Pastrnak, Danton Heinen, Jakub Vrana, Nick Spaling, Tyler Pitlick

Scratches
Peter Holland (Healthy), Jamie Devane (Healthy), Matt Lindblad (Healthy), Tyler Lewington (Healthy), Tobias Lindberg (Healthy)
Ty Rattie (Healthy), Andrey Pedan (Healthy), Stuart Percy (Healthy), Charles Hudon (Healthy), Anthony Camara (Healthy)
Branden Troock (Healthy), Riley Nash (Healthy), Dominic Turgeon (Healthy), Jack Glover (Healthy), Ryan MacInnis (Healthy)
Matt Tomkins (Healthy)

Rafales

5 vs 5 Forward 
   Center                   Left Wing                Right Wing               Time % Phy DF OF 
 1 Kevin Veilleux           Carl Klingberg           Andrew Shaw              40     1   2  2  
 2 Cedric Paquette          Chris Terry              Brian Ferlin             30     1   2  2  
 3 Jayson Megna             Maksim Mayorov           Tim Crowder              20     1   2  2  
 4 Ryan Bourque             Ben Thomson              James Marcou             10     1   2  2  

5 vs 5 Defense 
   Defense                  Defense                                           Time % Phy DF OF 
 1 Connor Murphy            Julian Melchiori                                  40     1   2  2  
 2 Dylan McIlrath           Joey Laleggia                                     30     1   2  2  
 3 Slater Koekkoek          Connor Murphy                                     20     1   2  2  
 4 Julian Melchiori         Dylan McIlrath                                    10     1   2  2  

PowerPlay Forward 
   Center                   Left Wing                Right Wing               Time % Phy DF OF 
 1 Kevin Veilleux           Carl Klingberg           Andrew Shaw              60     1   2  2  
 2 Cedric Paquette          Chris Terry              Brian Ferlin             40     1   2  2  

PowerPlay Defense
   Defense                  Defense                                           Time % Phy DF OF 
 1 Connor Murphy            Julian Melchiori                                  60     1   2  2  
 2 Dylan McIlrath           Joey Laleggia                                     40     1   2  2  

Penalty Kill 4 Players Forward 
   Center                   Wing                     Time % Phy DF OF 
 1 Carl Klingberg           Andrew Shaw              60     1   2  2  
 2 Brian Ferlin             Tim Crowder              40     1   2  2  

Penalty Kill 4 Players Defense
   Defense                  Defense                  Time % Phy DF OF 
 1 Connor Murphy            Julian Melchiori         60     1   2  2  
 2 Dylan McIlrath           Joey Laleggia            40     1   2  2  

Penalty Kill - 3 Players Forward 
   Forward                                           Time % Phy DF OF 
 1 Carl Klingberg                                    60     1   2  2  
 2 Andrew Shaw                                       40     1   2  2  

Penalty Kill - 3 Players Defense
   Defense                  Defense                  Time % Phy DF OF 
 1 Connor Murphy            Julian Melchiori         60     1   2  2  
 2 Dylan McIlrath           Joey Laleggia            40     1   2  2  

4 vs 4 Forward 
   Center                   Wing                     Time % Phy DF OF 
 1 Carl Klingberg           Andrew Shaw              60     1   2  2  
 2 Brian Ferlin             Tim Crowder              40     1   2  2  

4 vs 4 Defense
   Defense                  Defense                  Time % Phy DF OF 
 1 Connor Murphy            Julian Melchiori         60     1   2  2  
 2 Dylan McIlrath           Joey Laleggia            40     1   2  2  

Last Minutes Offensive
   Center                   Left Wing                Right Wing               Defense                  Defense                  
   Kevin Veilleux           Carl Klingberg           Andrew Shaw              Connor Murphy            Julian Melchiori         

Last Minutes Defensive
   Center                   Left Wing                Right Wing               Defense                  Defense                  
   Kevin Veilleux           Carl Klingberg           Andrew Shaw              Connor Murphy            Julian Melchiori         

Goaltenders
Starting : Leland Irving            
Backup : Jake Allen               

Extra Forwards
Normal : Akim Aliu, Tyrell Goulbourne, Brad Ross - PP : Akim Aliu, Tyrell Goulbourne - PK : Brad Ross
Extra Defensemen
Normal : Slater Koekkoek, Joey Laleggia, Connor Murphy - PP : Slater Koekkoek - PK : Joey Laleggia, Connor Murphy
Penalty Shots
Carl Klingberg, Andrew Shaw, Brian Ferlin, Tim Crowder, Kevin Veilleux

Scratches
Bruno Gervais (Bruised Left Leg Injury), Nathan Davis (Groin Injury), Chris Driedger (Healthy), Sean Maguire (Healthy)

% Time on Ice - Diablos

Lines # - Real PCT - Wanted PCT - Time Play
Normal Forward
1 - 32% - 40% - 13:31
2 - 30% - 30% - 12:21
3 - 22% - 20% - 9:01
4 - 16% - 10% - 6:48
Normal Defense
1 - 43% - 40% - 17:47
2 - 35% - 30% - 14:38
3 - 22% - 20% - 9:05
4 - 0% - 10% - 0:11
PP Forward
1 - 58% - 60% - 3:45
2 - 42% - 40% - 2:40
PP Defense
1 - 52% - 60% - 3:20
2 - 48% - 40% - 3:05
PK Forward
1 - 79% - 60% - 6:17
2 - 21% - 40% - 1:42
PK Defense
1 - 68% - 60% - 5:24
2 - 32% - 40% - 2:35
PK3 Forward
1 - 0% - 60%
2 - 0% - 40%
PK3 Defense
1 - 0% - 60%
2 - 0% - 40%
44 Forward
1 - 77% - 60% - 3:01
2 - 23% - 40% - 0:54
44 Defense
1 - 82% - 60% - 3:13
2 - 18% - 40% - 0:42
Last Minute Offensive  - 0:00
Last Minute Defensive  - 0:00
Total
Forward - 60:00
Defense - 60:00

% Time on Ice - Rafales

Lines # - Real PCT - Wanted PCT - Time Play
Normal Forward
1 - 31% - 40% - 12:58
2 - 28% - 30% - 11:45
3 - 26% - 20% - 10:48
4 - 15% - 10% - 6:10
Normal Defense
1 - 41% - 40% - 17:07
2 - 37% - 30% - 15:15
3 - 18% - 20% - 7:18
4 - 5% - 10% - 2:01
PP Forward
1 - 60% - 60% - 4:49
2 - 40% - 40% - 3:10
PP Defense
1 - 66% - 60% - 5:14
2 - 34% - 40% - 2:45
PK Forward
1 - 78% - 60% - 5:01
2 - 22% - 40% - 1:24
PK Defense
1 - 66% - 60% - 4:14
2 - 34% - 40% - 2:11
PK3 Forward
1 - 0% - 60%
2 - 0% - 40%
PK3 Defense
1 - 0% - 60%
2 - 0% - 40%
44 Forward
1 - 97% - 60% - 3:47
2 - 3% - 40% - 0:08
44 Defense
1 - 66% - 60% - 2:34
2 - 34% - 40% - 1:21
Last Minute Offensive  - 0:00
Last Minute Defensive  - 0:00
Total
Forward - 60:00
Defense - 60:00

Play-by-Play

1st period


0:01 of 1st period - Lars Eller wins face-off versus Kevin Veilleux in neutral zone.
0:54 of 1st period - Snap shot by Corey Trivino.
0:54 of 1st period - Shot Misses the Net.
1:07 of 1st period - Slapshot by Brian Dumoulin.
1:07 of 1st period - Stopped by Leland Irving with a rebound.
1:17 of 1st period - Adrian Kempe is hit by Jayson Megna and loses puck.
1:24 of 1st period - Slapshot by Tim Crowder.
1:24 of 1st period - Stopped by Kristers Gudlevskis without a rebound.
1:25 of 1st period - Kevin Veilleux wins face-off versus Lars Eller in Diablos zone.
1:59 of 1st period - Snap shot by Carl Klingberg.
1:59 of 1st period - Shot Blocked by Adrian Kempe.
2:05 of 1st period - Wrist shot by Andrew Shaw.
2:05 of 1st period - Stopped by Kristers Gudlevskis with a rebound.
2:07 of 1st period - Wrist shot by Kevin Veilleux.
2:07 of 1st period - Stopped by Kristers Gudlevskis with a rebound.
2:09 of 1st period - Slapshot by Slater Koekkoek.
2:09 of 1st period - Stopped by Kristers Gudlevskis with a rebound.
2:11 of 1st period - Snap shot by Carl Klingberg.
2:11 of 1st period - Stopped by Kristers Gudlevskis without a rebound.
2:12 of 1st period - Jayson Megna wins face-off versus Danton Heinen in Diablos zone.
2:17 of 1st period - Snap shot by Jayson Megna.
2:17 of 1st period - Shot Hit the Post.
2:43 of 1st period - Icing by Ben Thomson.
2:44 of 1st period - Ryan Bourque wins face-off versus Lars Eller in Rafales zone.
2:56 of 1st period - Off-side.
2:57 of 1st period - Cedric Paquette wins face-off versus Danton Heinen in neutral zone.
3:02 of 1st period - Snap shot by Brian Ferlin.
3:02 of 1st period - Stopped by Kristers Gudlevskis without a rebound.
3:03 of 1st period - Cedric Paquette wins face-off versus Danton Heinen in Diablos zone.
3:32 of 1st period - Julian Melchiori is hit by Lars Eller.
3:48 of 1st period - Snap shot by Maksim Mayorov.
3:48 of 1st period - Shot Misses the Net.
3:50 of 1st period - Slapshot by Joey Laleggia.
3:50 of 1st period - Deflect By Tim Crowder.
3:50 of 1st period - Shot Misses the Net.
3:50 of 1st period - Puck is out of play.
3:51 of 1st period - Adrian Kempe wins face-off versus Jayson Megna in Diablos zone.
5:20 of 1st period - Minor Penalty to Brian Dumoulin for Hooking.
5:21 of 1st period - Lars Eller wins face-off versus Kevin Veilleux in Diablos zone.
7:20 of 1st period - Penalty to Brian Dumoulin is over, Brian Dumoulin is back on ice.
7:20 of 1st period - Icing by Lars Eller.
7:21 of 1st period - Lars Eller wins face-off versus Chris Terry in Diablos zone.
7:39 of 1st period - Nick Spaling is hit by Connor Murphy and loses puck.
8:21 of 1st period - Andrew Shaw is hit by Alex Petrovic and loses puck.
8:32 of 1st period - Snap shot by Sergey Tolchinsky.
8:32 of 1st period - Shot Blocked by Julian Melchiori.
8:44 of 1st period - Slapshot by Ben Thomson.
8:44 of 1st period - Stopped by Kristers Gudlevskis with a rebound.
8:46 of 1st period - Snap shot by James Marcou.
8:46 of 1st period - Shot Blocked by Cameron Gaunce.
8:48 of 1st period - Wrist shot by Ryan Bourque.
8:48 of 1st period - Stopped by Kristers Gudlevskis without a rebound.
8:49 of 1st period - Kevin Veilleux wins face-off versus Danton Heinen in Diablos zone.
8:52 of 1st period - Snap shot by Andrew Shaw.
8:52 of 1st period - Stopped by Kristers Gudlevskis without a rebound.
8:53 of 1st period - Kevin Veilleux wins face-off versus Danton Heinen in Diablos zone.
9:49 of 1st period - Snap shot by Ryan Bourque.
9:49 of 1st period - Stopped by Kristers Gudlevskis with a rebound.
10:07 of 1st period - Snap shot by Danton Heinen.
10:07 of 1st period - Shot Misses the Net.
10:09 of 1st period - Slapshot by Brian Dumoulin.
10:09 of 1st period - Stopped by Leland Irving with a rebound.
10:11 of 1st period - Snap shot by Viktor Loov.
10:11 of 1st period - Shot Blocked by Julian Melchiori.
10:13 of 1st period - Wrist shot by Jakub Vrana.
10:13 of 1st period - Shot Misses the Net.
11:10 of 1st period - Slapshot by Connor Murphy.
11:10 of 1st period - Stopped by Kristers Gudlevskis with a rebound.
11:30 of 1st period - Lars Eller is hit by Andrew Shaw and loses puck.
11:41 of 1st period - Andrei Mironov is hit by Maksim Mayorov and loses puck.
11:52 of 1st period - Snap shot by David Pastrnak.
11:52 of 1st period - Shot Misses the Net.
12:58 of 1st period - Wrist shot by Cedric Paquette.
12:58 of 1st period - Shot Blocked by Viktor Loov.
13:00 of 1st period - Slapshot by Joey Laleggia.
13:00 of 1st period - Stopped by Kristers Gudlevskis without a rebound.
13:01 of 1st period - Danton Heinen wins face-off versus Kevin Veilleux in Diablos zone.
13:01 of 1st period - Danton Heinen is hit by Kevin Veilleux.
13:04 of 1st period - Minor Penalty to Jakub Vrana for Hooking.
13:05 of 1st period - Kevin Veilleux wins face-off versus Adrian Kempe in Diablos zone.
13:19 of 1st period - Slapshot by Tyler Pitlick.
13:19 of 1st period - Shot Misses the Net.
13:21 of 1st period - Slapshot by Cameron Gaunce.
13:21 of 1st period - Shot Misses the Net.
13:27 of 1st period - Minor Penalty to Carl Klingberg for Holding.
13:28 of 1st period - Akim Aliu wins face-off versus Lars Eller in Rafales zone.
13:39 of 1st period - Slapshot by David Pastrnak.
13:39 of 1st period - Stopped by Leland Irving without a rebound.
13:40 of 1st period - Akim Aliu wins face-off versus Lars Eller in Rafales zone.
15:04 of 1st period - Penalty to Jakub Vrana is over, Jakub Vrana is back on ice.
15:26 of 1st period - Icing by Philip Larsen.
15:27 of 1st period - Penalty to Carl Klingberg is over, Carl Klingberg is back on ice.
15:27 of 1st period - Chris Terry wins face-off versus Adrian Kempe in Diablos zone.
15:52 of 1st period - Carl Klingberg is hit by Sergey Tolchinsky.
15:56 of 1st period - Corey Trivino is hit by Kevin Veilleux and loses puck.
16:43 of 1st period - Slapshot by Connor Murphy.
16:43 of 1st period - Shot Blocked by Nick Spaling.
17:18 of 1st period - Julian Melchiori is hit by Cameron Gaunce and loses puck.
17:38 of 1st period - Nick Spaling is hit by Chris Terry and loses puck.
18:27 of 1st period - Minor Penalty to Andrew Shaw for Hooking.
18:28 of 1st period - Carl Klingberg wins face-off versus Nick Spaling in Rafales zone.
Goals for this period are 0 for Diablos vs 0 for Rafales.
Shots for this period are 3 for Diablos vs 12 for Rafales.

2nd period


0:01 of 2nd period - Danton Heinen wins face-off versus Carl Klingberg in neutral zone.
0:27 of 2nd period - Penalty to Andrew Shaw is over, Andrew Shaw is back on ice.
0:32 of 2nd period - Slapshot by Philip Larsen.
0:32 of 2nd period - Shot Blocked by Connor Murphy.
0:54 of 2nd period - Wrist shot by Corey Trivino.
0:54 of 2nd period - Shot Blocked by Andrew Shaw.
1:31 of 2nd period - Snap shot by Brian Dumoulin.
1:31 of 2nd period - Stopped by Leland Irving with a rebound.
2:46 of 2nd period - Joey Laleggia is hit by Jiri Sekac and loses puck.
4:48 of 2nd period - Minor Penalty to Adrian Kempe for Tripping.
4:49 of 2nd period - Kevin Veilleux wins face-off versus Lars Eller in Diablos zone.
5:13 of 2nd period - Tyler Pitlick is hit by Cedric Paquette and loses puck.
5:22 of 2nd period - Slapshot by Connor Murphy.
5:22 of 2nd period - Shot Blocked by Lars Eller.
6:48 of 2nd period - Penalty to Adrian Kempe is over, Adrian Kempe is back on ice.
6:49 of 2nd period - Icing by Danton Heinen.
6:50 of 2nd period - Akim Aliu wins face-off versus Danton Heinen in Diablos zone.
6:59 of 2nd period - Slapshot by Tim Crowder.
6:59 of 2nd period - Shot Misses the Net.
7:01 of 2nd period - Slapshot by Maksim Mayorov.
7:01 of 2nd period - Stopped by Kristers Gudlevskis without a rebound.
7:02 of 2nd period - Jayson Megna wins face-off versus Jordan Szwarz in Diablos zone.
7:03 of 2nd period - Slapshot by Tim Crowder.
7:03 of 2nd period - Stopped by Kristers Gudlevskis without a rebound.
7:04 of 2nd period - Jayson Megna wins face-off versus Lars Eller in Diablos zone.
7:07 of 2nd period - Wrist shot by Tim Crowder.
7:07 of 2nd period - Shot Blocked by Cameron Gaunce.
7:52 of 2nd period - Kevin Veilleux is hit by Alex Petrovic and loses puck.
7:56 of 2nd period - Icing by Slater Koekkoek.
7:57 of 2nd period - Kevin Veilleux wins face-off versus Lars Eller in Rafales zone.
8:12 of 2nd period - Snap shot by Jordan Szwarz.
8:12 of 2nd period - Deflect By Lars Eller.
8:12 of 2nd period - Shot Blocked by Slater Koekkoek.
8:12 of 2nd period - Puck is out of play.
8:13 of 2nd period - Cedric Paquette wins face-off versus Lars Eller in Rafales zone.
8:13 of 2nd period - Cedric Paquette is hit by Cameron Gaunce.
9:02 of 2nd period - Wrist shot by Maksim Mayorov.
9:02 of 2nd period - Shot Misses the Net.
9:04 of 2nd period - Snap shot by Maksim Mayorov.
9:04 of 2nd period - Stopped by Kristers Gudlevskis with a rebound.
9:36 of 2nd period - Backhand shot by Brian Ferlin.
9:36 of 2nd period - Stopped by Kristers Gudlevskis without a rebound.
9:37 of 2nd period - Cedric Paquette wins face-off versus Adrian Kempe in Diablos zone.
9:47 of 2nd period - Minor Penalty to Dylan McIlrath for Hooking.
9:48 of 2nd period - Danton Heinen wins face-off versus Carl Klingberg in Rafales zone.
9:49 of 2nd period - Wrist shot by David Pastrnak.
9:49 of 2nd period - Shot Misses the Net.
9:51 of 2nd period - Slapshot by David Pastrnak.
9:51 of 2nd period - Shot Misses the Net.
9:53 of 2nd period - Slapshot by Andrei Mironov.
9:53 of 2nd period - Shot Blocked by Connor Murphy.
9:55 of 2nd period - Slapshot by Philip Larsen.
9:55 of 2nd period - Stopped by Leland Irving with a rebound.
9:57 of 2nd period - Snap shot by David Pastrnak.
9:57 of 2nd period - Stopped by Leland Irving with a rebound.
9:59 of 2nd period - Slapshot by Andrei Mironov.
9:59 of 2nd period - Stopped by Leland Irving without a rebound.
10:00 of 2nd period - Danton Heinen wins face-off versus Carl Klingberg in Rafales zone.
10:05 of 2nd period - Slapshot by Nick Spaling.
10:05 of 2nd period - Stopped by Leland Irving without a rebound.
10:06 of 2nd period - Carl Klingberg wins face-off versus Danton Heinen in Rafales zone.
10:19 of 2nd period - Snap shot by David Pastrnak.
10:19 of 2nd period - Shot Misses the Net.
10:21 of 2nd period - Slapshot by Andrei Mironov.
10:21 of 2nd period - Shot Blocked by Julian Melchiori.
11:47 of 2nd period - Penalty to Dylan McIlrath is over, Dylan McIlrath is back on ice.
11:49 of 2nd period - Minor Penalty to Ben Thomson for Hooking.
11:50 of 2nd period - Danton Heinen wins face-off versus Carl Klingberg in Rafales zone.
11:55 of 2nd period - Slapshot by Nick Spaling.
11:55 of 2nd period - Stopped by Leland Irving without a rebound.
11:56 of 2nd period - Carl Klingberg wins face-off versus Danton Heinen in Rafales zone.
12:25 of 2nd period - Slapshot by Brian Dumoulin.
12:25 of 2nd period - Deflect By Jakub Vrana.
12:25 of 2nd period - Stopped by Leland Irving with a rebound.
12:27 of 2nd period - Slapshot by Jakub Vrana.
12:27 of 2nd period - Shot Blocked by Brian Ferlin.
12:29 of 2nd period - Snap shot by Jakub Vrana.
12:29 of 2nd period - Shot Blocked by Julian Melchiori.
12:31 of 2nd period - Snap shot by Jakub Vrana.
12:31 of 2nd period - Stopped by Leland Irving with a rebound.
12:47 of 2nd period - Tim Crowder is hit by Lars Eller and loses puck.
13:05 of 2nd period - Minor Penalty to Danton Heinen for Hooking.
13:06 of 2nd period - Carl Klingberg wins face-off versus Lars Eller in Diablos zone.
13:08 of 2nd period - Wrist shot by Carl Klingberg.
13:08 of 2nd period - Goal by Carl Klingberg - Diablos : 0 - Rafales : 1.
13:09 of 2nd period - Carl Klingberg wins face-off versus Lars Eller in neutral zone.
13:20 of 2nd period - Snap shot by Connor Murphy.
13:20 of 2nd period - Shot Blocked by Lars Eller.
13:49 of 2nd period - Penalty to Ben Thomson is over, Ben Thomson is back on ice.
13:54 of 2nd period - Slapshot by Brian Ferlin.
13:54 of 2nd period - Stopped by Kristers Gudlevskis without a rebound.
13:55 of 2nd period - Adrian Kempe wins face-off versus Cedric Paquette in Diablos zone.
13:55 of 2nd period - Adrian Kempe is hit by Dylan McIlrath.
14:22 of 2nd period - Slapshot by Philip Larsen.
14:22 of 2nd period - Stopped by Leland Irving without a rebound.
14:23 of 2nd period - Lars Eller wins face-off versus Kevin Veilleux in Rafales zone.
14:34 of 2nd period - Slapshot by Carl Klingberg.
14:34 of 2nd period - Deflect By Kevin Veilleux.
14:34 of 2nd period - Stopped by Kristers Gudlevskis without a rebound.
14:35 of 2nd period - Adrian Kempe wins face-off versus Kevin Veilleux in Diablos zone.
15:02 of 2nd period - Cedric Paquette is hit by Philip Larsen and loses puck.
15:05 of 2nd period - Penalty to Danton Heinen is over, Danton Heinen is back on ice.
15:17 of 2nd period - Snap shot by Lars Eller.
15:17 of 2nd period - Stopped by Leland Irving without a rebound.
15:18 of 2nd period - Kevin Veilleux wins face-off versus Danton Heinen in Rafales zone.
15:18 of 2nd period - Kevin Veilleux is hit by Viktor Loov.
15:27 of 2nd period - Minor Penalty to Jakub Vrana for High sticking.
15:28 of 2nd period - Adrian Kempe wins face-off versus Kevin Veilleux in Diablos zone.
15:28 of 2nd period - Adrian Kempe is hit by Andrew Shaw.
15:53 of 2nd period - Cedric Paquette is hit by Philip Larsen and loses puck.
16:04 of 2nd period - Snap shot by Cameron Gaunce.
16:04 of 2nd period - Deflect By Lars Eller.
16:04 of 2nd period - Shot Blocked by Chris Terry.
16:04 of 2nd period - Puck is out of play.
16:05 of 2nd period - Adrian Kempe wins face-off versus Kevin Veilleux in Rafales zone.
16:18 of 2nd period - Wrist shot by Carl Klingberg.
16:18 of 2nd period - Shot Misses the Net.
16:20 of 2nd period - Snap shot by Andrew Shaw.
16:20 of 2nd period - Deflect By Carl Klingberg.
16:20 of 2nd period - Shot Misses the Net.
16:20 of 2nd period - Puck is out of play.
16:21 of 2nd period - Adrian Kempe wins face-off versus Kevin Veilleux in Diablos zone.
16:30 of 2nd period - Philip Larsen is hit by Julian Melchiori and loses puck.
17:27 of 2nd period - Penalty to Jakub Vrana is over, Jakub Vrana is back on ice.
17:35 of 2nd period - Wrist shot by Tyler Pitlick.
17:35 of 2nd period - Deflect By Adrian Kempe.
17:35 of 2nd period - Shot Misses the Net.
17:35 of 2nd period - Puck is out of play.
17:36 of 2nd period - Lars Eller wins face-off versus Jayson Megna in Rafales zone.
18:13 of 2nd period - David Pastrnak is hit by Cedric Paquette and loses puck.
19:23 of 2nd period - Dylan McIlrath is hit by Danton Heinen and loses puck.
19:32 of 2nd period - Snap shot by David Pastrnak.
19:32 of 2nd period - Shot Blocked by Tim Crowder.
19:48 of 2nd period - Andrew Shaw is hit by Philip Larsen and loses puck.
Goals for this period are 0 for Diablos vs 1 for Rafales.
Shots for this period are 10 for Diablos vs 7 for Rafales.

3rd period


0:01 of 3rd period - Lars Eller wins face-off versus Kevin Veilleux in neutral zone.
0:30 of 3rd period - Slapshot by Philip Larsen.
0:30 of 3rd period - Stopped by Leland Irving without a rebound.
0:31 of 3rd period - Danton Heinen wins face-off versus Cedric Paquette in Rafales zone.
0:32 of 3rd period - Snap shot by David Pastrnak.
0:32 of 3rd period - Stopped by Leland Irving without a rebound.
0:33 of 3rd period - Danton Heinen wins face-off versus Cedric Paquette in Rafales zone.
0:36 of 3rd period - Wrist shot by David Pastrnak.
0:36 of 3rd period - Stopped by Leland Irving with a rebound.
0:38 of 3rd period - Snap shot by Brian Dumoulin.
0:38 of 3rd period - Stopped by Leland Irving with a rebound.
0:40 of 3rd period - Slapshot by Viktor Loov.
0:40 of 3rd period - Stopped by Leland Irving with a rebound.
0:42 of 3rd period - Snap shot by David Pastrnak.
0:42 of 3rd period - Goal by David Pastrnak - Diablos : 1 - Rafales : 1.
0:43 of 3rd period - Kevin Veilleux wins face-off versus Lars Eller in neutral zone.
1:51 of 3rd period - Slapshot by Alex Petrovic.
1:51 of 3rd period - Stopped by Leland Irving without a rebound.
1:52 of 3rd period - Ryan Bourque wins face-off versus Lars Eller in Rafales zone.
2:05 of 3rd period - Wrist shot by Jordan Szwarz.
2:05 of 3rd period - Stopped by Leland Irving without a rebound.
2:06 of 3rd period - Lars Eller wins face-off versus Andrew Shaw in Rafales zone.
2:39 of 3rd period - Wrist shot by David Pastrnak.
2:39 of 3rd period - Stopped by Leland Irving without a rebound.
2:40 of 3rd period - Brian Ferlin wins face-off versus Danton Heinen in Rafales zone.
2:40 of 3rd period - Brian Ferlin is hit by Jakub Vrana.
2:47 of 3rd period - Connor Murphy is hit by Viktor Loov and loses puck.
2:57 of 3rd period - Minor Penalty to Viktor Loov for Holding Stick.
2:58 of 3rd period - Adrian Kempe wins face-off versus Kevin Veilleux in Diablos zone.
3:14 of 3rd period - Snap shot by Adrian Kempe.
3:14 of 3rd period - Stopped by Leland Irving with a rebound.
3:20 of 3rd period - Minor Penalty to Andrew Shaw for Roughing.
3:21 of 3rd period - Lars Eller wins face-off versus Carl Klingberg in Rafales zone.
4:10 of 3rd period - Slapshot by Nick Spaling.
4:10 of 3rd period - Stopped by Leland Irving with a rebound.
4:57 of 3rd period - Penalty to Viktor Loov is over, Viktor Loov is back on ice.
5:20 of 3rd period - Penalty to Andrew Shaw is over, Andrew Shaw is back on ice.
5:22 of 3rd period - Snap shot by Tyler Pitlick.
5:22 of 3rd period - Goal by Tyler Pitlick - Diablos : 2 - Rafales : 1.
5:23 of 3rd period - Jordan Szwarz wins face-off versus Cedric Paquette in neutral zone.
5:48 of 3rd period - Philip Larsen is hit by Joey Laleggia and loses puck.
5:56 of 3rd period - Andrew Shaw is hit by David Pastrnak and loses puck.
6:07 of 3rd period - Wrist shot by Tyler Pitlick.
6:07 of 3rd period - Stopped by Leland Irving without a rebound.
6:08 of 3rd period - Adrian Kempe wins face-off versus Jayson Megna in Rafales zone.
6:15 of 3rd period - Wrist shot by Adrian Kempe.
6:15 of 3rd period - Shot Hit the Post.
6:21 of 3rd period - Wrist shot by Jiri Sekac.
6:21 of 3rd period - Shot Misses the Net.
6:30 of 3rd period - Icing by Connor Murphy.
6:31 of 3rd period - Lars Eller wins face-off versus Carl Klingberg in Rafales zone.
8:30 of 3rd period - Minor Penalty to Cedric Paquette for Hooking.
8:31 of 3rd period - Danton Heinen wins face-off versus Carl Klingberg in Rafales zone.
8:39 of 3rd period - Snap shot by David Pastrnak.
8:39 of 3rd period - Goal by David Pastrnak - Diablos : 3 - Rafales : 1.
8:40 of 3rd period - Kevin Veilleux wins face-off versus Lars Eller in neutral zone.
8:55 of 3rd period - Wrist shot by Lars Eller.
8:55 of 3rd period - Stopped by Leland Irving without a rebound.
8:56 of 3rd period - Cedric Paquette wins face-off versus Danton Heinen in Rafales zone.
9:30 of 3rd period - Snap shot by Jiri Sekac.
9:30 of 3rd period - Shot Misses the Net.
9:32 of 3rd period - Snap shot by Adrian Kempe.
9:32 of 3rd period - Deflect By Tyler Pitlick.
9:32 of 3rd period - Shot Misses the Net.
9:32 of 3rd period - Puck is out of play.
9:33 of 3rd period - Lars Eller wins face-off versus Kevin Veilleux in Rafales zone.
9:40 of 3rd period - Wrist shot by Nick Spaling.
9:40 of 3rd period - Stopped by Leland Irving with a rebound.
10:01 of 3rd period - Minor Penalty to Dylan McIlrath for Diving.
10:02 of 3rd period - Carl Klingberg wins face-off versus Danton Heinen in Rafales zone.
10:02 of 3rd period - Carl Klingberg is hit by Danton Heinen.
10:15 of 3rd period - Slapshot by Philip Larsen.
10:15 of 3rd period - Deflect By Carl Klingberg.
10:15 of 3rd period - Stopped by Leland Irving with a rebound.
10:17 of 3rd period - Snap shot by Danton Heinen.
10:17 of 3rd period - Diablos goal is going for a video replay.
10:17 of 3rd period - The goal is good.
10:17 of 3rd period - Goal by Danton Heinen - Diablos : 4 - Rafales : 1.
10:18 of 3rd period - Kevin Veilleux wins face-off versus Jordan Szwarz in neutral zone.
10:27 of 3rd period - Snap shot by Carl Klingberg.
10:27 of 3rd period - Stopped by Kristers Gudlevskis without a rebound.
10:28 of 3rd period - Lars Eller wins face-off versus Kevin Veilleux in Diablos zone.
10:28 of 3rd period - Lars Eller is hit by Andrew Shaw.
10:36 of 3rd period - Snap shot by Lars Eller.
10:36 of 3rd period - Stopped by Leland Irving with a rebound.
10:38 of 3rd period - Slapshot by Cameron Gaunce.
10:38 of 3rd period - Shot Misses the Net.
10:40 of 3rd period - Slapshot by Cameron Gaunce.
10:40 of 3rd period - Stopped by Leland Irving with a rebound.
10:42 of 3rd period - Snap shot by Lars Eller.
10:42 of 3rd period - Deflect By Nick Spaling.
10:42 of 3rd period - Shot Misses the Net.
10:42 of 3rd period - Puck is out of play.
10:43 of 3rd period - Cedric Paquette wins face-off versus Jordan Szwarz in Rafales zone.
10:54 of 3rd period - Wrist shot by Brian Ferlin.
10:54 of 3rd period - Shot Blocked by Cameron Gaunce.
10:56 of 3rd period - Slapshot by Julian Melchiori.
10:56 of 3rd period - Shot Misses the Net.
10:58 of 3rd period - Snap shot by Cedric Paquette.
10:58 of 3rd period - Stopped by Kristers Gudlevskis with a rebound.
11:13 of 3rd period - Connor Murphy is hit by Viktor Loov and loses puck.
11:20 of 3rd period - Tim Crowder is hit by Brian Dumoulin and loses puck.
12:02 of 3rd period - Off-side.
12:03 of 3rd period - Danton Heinen wins face-off versus Kevin Veilleux in neutral zone.
13:13 of 3rd period - Snap shot by Danton Heinen.
13:13 of 3rd period - Shot Misses the Net.
13:17 of 3rd period - Slapshot by Danton Heinen.
13:17 of 3rd period - Shot Blocked by Andrew Shaw.
13:44 of 3rd period - Wrist shot by Brian Ferlin.
13:44 of 3rd period - Stopped by Kristers Gudlevskis with a rebound.
13:46 of 3rd period - Snap shot by Connor Murphy.
13:46 of 3rd period - Deflect By Chris Terry.
13:46 of 3rd period - Shot Misses the Net.
13:46 of 3rd period - Puck is out of play.
13:47 of 3rd period - Cedric Paquette wins face-off versus Danton Heinen in Diablos zone.
14:07 of 3rd period - Julian Melchiori is hit by Viktor Loov and loses puck.
14:14 of 3rd period - Julian Melchiori is hit by Viktor Loov.
14:18 of 3rd period - Viktor Loov is hit by Jayson Megna and loses puck.
14:52 of 3rd period - Snap shot by Ryan Bourque.
14:52 of 3rd period - Deflect By Ben Thomson.
14:52 of 3rd period - Shot Misses the Net.
14:52 of 3rd period - Puck is out of play.
14:53 of 3rd period - Ryan Bourque wins face-off versus Corey Trivino in Diablos zone.
14:54 of 3rd period - Wrist shot by James Marcou.
14:54 of 3rd period - Shot Blocked by Cameron Gaunce.
14:58 of 3rd period - Wrist shot by James Marcou.
14:58 of 3rd period - Deflect By Ryan Bourque.
14:58 of 3rd period - Stopped by Kristers Gudlevskis with a rebound.
15:00 of 3rd period - Wrist shot by Slater Koekkoek.
15:00 of 3rd period - Shot Blocked by Philip Larsen.
15:04 of 3rd period - Slapshot by Ryan Bourque.
15:04 of 3rd period - Shot Misses the Net.
15:06 of 3rd period - Backhand shot by Julian Melchiori.
15:06 of 3rd period - Stopped by Kristers Gudlevskis with a rebound.
15:08 of 3rd period - Slapshot by Slater Koekkoek.
15:08 of 3rd period - Shot Misses the Net.
15:18 of 3rd period - Kevin Veilleux is hit by Lars Eller and loses puck.
16:42 of 3rd period - Wrist shot by Carl Klingberg.
16:42 of 3rd period - Shot Blocked by Alex Petrovic.
17:04 of 3rd period - Snap shot by Danton Heinen.
17:04 of 3rd period - Shot Blocked by Brian Ferlin.
17:06 of 3rd period - Snap shot by David Pastrnak.
17:06 of 3rd period - Deflect By Jakub Vrana.
17:06 of 3rd period - Stopped by Leland Irving with a rebound.
17:22 of 3rd period - Jiri Sekac is hit by Tim Crowder and loses puck.
17:39 of 3rd period - Adrian Kempe is hit by Andrew Shaw.
17:58 of 3rd period - Wrist shot by James Marcou.
17:58 of 3rd period - Deflect By Ben Thomson.
17:58 of 3rd period - Stopped by Kristers Gudlevskis with a rebound.
18:16 of 3rd period - Snap shot by Corey Trivino.
18:16 of 3rd period - Stopped by Leland Irving with a rebound.
18:25 of 3rd period - Off-side.
18:26 of 3rd period - Danton Heinen wins face-off versus Kevin Veilleux in neutral zone.
18:26 of 3rd period - Danton Heinen is hit by Carl Klingberg.
19:59 of 3rd period - Off-side.
Goals for this period are 4 for Diablos vs 0 for Rafales.
Shots for this period are 22 for Diablos vs 6 for Rafales.